 Dungeon Sprint DCSS version 0.31-a0-325-g067879e3d3 (webtiles) character file.

Game seed: 6899687636959993110

96 shakesphere1979 the Covered (level 4, -24/45 HPs)
             Began as a Minotaur Fighter on July 19, 2023.
             Killed from afar by an oklob sapling (33 damage)
             ... with a splash of acid
             ... in the Dungeon (Sprint IV: "Fedhas' Mad Dash").
             The game lasted 00:03:23 (339 turns).

shakesphere1979 the Covered (Minotaur Fighter)       Turns: 339, Time: 00:03:24

Health: -24/45     AC:  3    Str: 22    XL:     4   Next: 41%
Magic:  3/3        EV: 10    Int:  5    God:
Gold:   45         SH:  5    Dex: 10    Spells: 3/3 levels left

rFire   . . .        a - +0 war axe
rCold   . . .        c - +0 buckler
rNeg    . . .        b - +0 scale mail
rPois   .            (helmet restricted)
rElec   .            (no cloak)
rCorr   .            (no gloves)
SInv    .            (no boots)
Will    .....        l - amulet of invisibility {+Inv} Stlth
                     (no ring)
HPRegen 0.27/turn    (no ring)
MPRegen 0.08/turn

%: no teleportation
@: corroded
A: horns 2, retaliatory headbutt
a: Evoke Invisibility


You were in the Dungeon.
You visited 1 branch You collected 45 gold pieces.

Inventory:

Hand Weapons
 a - a +0 war axe (weapon)
Missiles
 k - 2 atropa-tipped darts (quivered)
Armour
 b - a +0 scale mail (worn)
 c - a +0 buckler (worn)
Jewellery
 l - the amulet of invisibility (around neck) {+Inv}
   (You found it in the Dungeon)

   [amulet of nothing]

   +Inv:      It lets you turn invisible.
Scrolls
 e - a scroll of identify {unknown}
 j - a scroll of blinking
Potions
 d - a potion of might
 f - a potion of heal wounds
 g - a potion of haste
 h - 2 potions of magic
 i - a potion of berserk rage


   Skills:
 + Level 6.3 Fighting
 + Level 4.5 Axes
 + Level 0.8 Throwing
 + Level 6.9 Armour
 + Level 1.5 Dodging
 + Level 0.2 Stealth
 + Level 6.2 Shields


You had 3 spell levels left.
You didn't know any spells.
Your spell library was empty.

Dungeon Overview and Level Annotations

Branches:
Dungeon (1/1)

Altars:
Cheibriados
Gozag
Hepliaklqana
Makhleb
Nemelex Xobeh
Ru
Sif Muna
Trog
Wu Jian
Xom
Yredelemnul
Jiyva

Annotations:
D exclusion: 2 oklob saplings


Innate Abilities, Weirdness & Mutations

You have a pair of horns on your head.
You reflexively headbutt those who attack you in melee.


Message History

You finish putting on the amulet of invisibility {+Inv}.
l - the amulet of invisibility (around neck) {+Inv}
Okay, then.
There is an open door here.
There is an open door here.
You open the door.
An oklob sapling comes into view.
The oklob sapling spits acid at you. The splash of acid hits you!
The acid corrodes you!
Marking area around an oklob sapling as unsafe for travelling.
Found 14 gold pieces.
As you close the door, it creaks loudly!
You are no longer corroded.
You open the door.
Found ten altars.
An oklob sapling priest comes into view.
Found three altars.
Marking area around an oklob sapling priest as unsafe for travelling.
There is an open door here.
You close the door.
You open the door. The oklob sapling spits acid at you.
The splash of acid hits you! The acid corrodes you!
Throw: 3 darts (atropa)
Press: ? - help, Q - select action, (/) - cycle Shift-Dir - straight line, f - oklob sapling
Aim: an oklob sapling (98% to hit, chance to blind on hit: 61%)
You throw an atropa-tipped dart.
The atropa-tipped dart hits the oklob sapling.
The oklob sapling appears confused.
The oklob sapling seems less confused.
There is an open door here.
The oklob sapling spits acid at you. The splash of acid hits you!!
Ouch! That really hurt!
* * * LOW HITPOINT WARNING * * *
You hit the oklob sapling but do no damage.
The oklob sapling spits acid at you. The splash of acid hits you!!
Ouch! That really hurt!
You die...

#########################
#<...#÷....#.....#.⌠._._.
#PP..'.....'.#...+.._._._
#PPP.#.....#.#...#..._._P
###############'##.._._._
+.@.#._._._. #$P$########
#####


You could see an oklob sapling (blind).

Vanquished Creatures
  A scorpion (D)
  An oklob sapling (D)
  A river rat (D)
  A rat (D)
4 creatures vanquished.

Notes
Turn   | Place    | Note
-------+----------+-------------------------------------------
     0 | D        | shakesphere1979 the Minotaur Fighter began the quest for
                  | the Orb.
     0 | D        | Reached XP level 1. HP: 19/19 MP: 0/0
    13 | D        | Reached XP level 2. HP: 19/28 MP: 1/1
    51 | D        | Noticed an oklob sapling
    66 | D        | Killed an oklob sapling
    67 | D        | Reached skill level 5 in Fighting
    67 | D        | Reached skill level 5 in Armour
    67 | D        | Reached skill level 5 in Shields
    67 | D        | Reached XP level 3. HP: 14/36 MP: 2/2
   153 | D        | Noticed a scorpion
   153 | D        | Found the amulet of invisibility {+Inv}
   161 | D        | Killed a scorpion
   162 | D        | Reached skill level 1 in Dodging
   162 | D        | Reached XP level 4. HP: 9/45 MP: 3/3
   329 | D        | Found an opulent altar of Gozag.
   329 | D        | Found a hazy altar of Hepliaklqana.
   329 | D        | Found a burning altar of Makhleb.
   329 | D        | Found a sparkling altar of Nemelex Xobeh.
   329 | D        | Found a snail-covered altar of Cheibriados.
   329 | D        | Found a sacrificial altar of Ru.
   329 | D        | Found a shimmering blue altar of Sif Muna.
   329 | D        | Found a shimmering altar of Xom.
   329 | D        | Found a basalt altar of Yredelemnul.
   330 | D        | Found a viscous altar of Jiyva.
   330 | D        | Found a bloodstained altar of Trog.
   330 | D        | Found an ornate altar of the Wu Jian Council.
   339 | D        | Killed from afar by an oklob sapling

Illustrated notes

Levels and vault maps discovered:
D:        dungeon_sprint_fedhas [sprint_temple]

Skill      XL: |  1  2  3 |
---------------+----------+-----
Armour         | 4 5 6 |  6.9
Fighting       | 4 5 6 |  6.3
Shields        | 4 5 6 |  6.2
Axes           | 3 4 |  4.5
Dodging        | 1 |  1.5
Throwing       | |  0.8
Stealth        | |  0.2

Action                     |  1- 3 |  4- 6 || total
---------------------------+-------+-------++-------
  Melee: War axe           |    15 |     1 ||    16
         Headbutt          |     1 |       ||     1
  Throw: Dart              |     4 |     1 ||     5
    Use: Potion            |       |     1 ||     1
   Stab: Invisible         |     1 |       ||     1
 Armour: Scale mail        |     8 |       ||     8
  Dodge: Dodged            |     6 |       ||     6

Table legend: (Time is in decaauts)
 A = Elapsed time spent in this place.
 B = Non-inter-level travel time spent in this place.
 C = Inter-level travel time spent in this place.
 D = Time resting spent in this place.
 E = Time spent auto-exploring this place.
 F = Levels seen in this place.
 G = Mean time per level.
                   A        B        C        D        E       F      G
               +--------+--------+--------+--------+--------+-----+--------+
         Total |    344 |    344 |      0 |      0 |    191 |   1 |  344.0 |
       Dungeon |    344 |    344 |      0 |      0 |    191 |   1 |  344.0 |
               +--------+--------+--------+--------+--------+-----+--------+

Top non-repeatable levels by time:
       D: 344 daAuts
